 Dungeon Crawl Stone Soup version 0.21.1-1-g345015f (webtiles) character file.

191176 garbagetei the Earth Mage (level 18, -12/114 HPs)
             Began as a Gargoyle Earth Elementalist on Feb 7, 2018.
             Was the Champion of Vehumet.
             Mangled by an Ice Fiend (61 damage)
             ... created by the power of Zot
             ... on level 3 of the Swamp on Feb 8, 2018.
             The game lasted 03:18:26 (56516 turns).

garbagetei the Earth Mage (GrEE)                   Turns: 56516, Time: 03:18:27

Health: -12/114    AC: 26    Str: 14    XL:     18   Next: 64%
Magic:  22/46      EV: 11    Int: 22    God:    Vehumet [******]
Gold:   3065       SH:  6    Dex: 10    Spells: 8/48 levels left

rFire    + + .     SeeInvis +   Y - staff of energy
rCold    . . .     Gourm    .   S - +2 buckler
rNeg     + . .     Faith    .   T - +0 leather armour {rC+}
rPois    ∞         Spirit   .   E - +2 helmet
rElec    +         Reflect  .   H - +0 cloak
rCorr    .         Harm     +   N - +0 pair of gloves
MR       ++...                  z - +1 pair of boots {Fly}
Stlth    ++........             G - amulet of harm
HPRegen  0.29/turn              g - ring of Ukifaser {rF++ rC- MR+}
MPRegen  0.30/turn              r - ring "Kuxzuom" {rElec MP+9 Slay+3 SInv}

@: flying
A: big wings, deformed body, negative energy resistance 1, electricity
resistance, unbreathing, petrification resistance, rot immunity, AC +13
a: Stop Flying, Renounce Religion


You were on level 3 of the Swamp.
You worshipped Vehumet.
Vehumet was exalted by your worship.
You were not hungry.

You visited 8 branches of the dungeon, and saw 35 of its levels.
You also visited: Labyrinth and Wizlab.

You collected 3065 gold pieces.

Inventory:

Hand Weapons
 X - the +4 mace "Iraucury" {elec, +Rage}
   (You found it on level 4 of the Lair of Beasts)

   Occasionally, upon striking a foe, it will discharge some electrical energy
   and cause terrible harm.
   It lets you go berserk.
Missiles
 w - 187 stones (quivered)
Armour
 z - a +1 pair of boots of flying (worn)
 E - a +2 helmet (worn)
 H - a +0 cloak (worn)
 N - a +0 pair of gloves (worn)
 S - a +2 buckler (worn)
 T - a +0 leather armour of cold resistance (worn)
 W - the +6 chain mail of Nysk {Str+2}
   (You found it in a labyrinth)

   It affects your strength (+2).
Magical Staves
 Y - an uncursed staff of energy (weapon)
Jewellery
 c - an uncursed ring of positive energy
 g - the ring of Ukifaser (left hand) {rF++ rC- MR+}
   (You took it off a minotaur in a labyrinth)

   [ring of protection from magic]

   It greatly protects you from fire.
   It makes you vulnerable to cold.
   It affects your resistance to hostile enchantments.
 r - the ring "Kuxzuom" (right hand) {rElec MP+9 Slay+3 SInv}
   (You acquired it on level 2 of the Elven Halls)

   [ring of magical power]

   It affects your accuracy and damage with ranged weapons and melee attacks
   (+3).
   It insulates you from electricity.
   It affects your magic capacity (+9).
   It lets you see invisible.
 u - an uncursed ring of fire
 G - an amulet of harm (around neck)
 J - a +4 ring of intelligence
Wands
 B - a wand of disintegration (3)
 I - a wand of clouds (14)
 U - a wand of polymorph (29)
 V - a wand of acid (22)
 Z - a wand of digging (17)
Scrolls
 a - 3 scrolls of magic mapping
 b - 4 scrolls of immolation
 h - 3 scrolls of amnesia
 k - 3 scrolls of silence
 n - 10 scrolls of remove curse
 t - a scroll of identify
 v - 4 scrolls of enchant weapon
 x - 6 scrolls of teleportation
 y - 3 scrolls of fear
 C - 2 scrolls of summoning
 D - 3 scrolls of fog
Potions
 f - 9 potions of curing
 i - 4 potions of berserk rage
 j - 2 potions of resistance
 m - 7 potions of heal wounds
 o - 7 potions of lignification
 q - 7 potions of agility
 A - 2 potions of might
 F - 2 potions of magic
 K - 4 potions of haste
 M - 3 potions of ambrosia
 P - 2 potions of brilliance
 R - a potion of cancellation
Books
 e - a book of Necromancy

   Spells                             Type                      Level
   a - Pain                           Necromancy                   1
   b - Animate Skeleton               Necromancy                   1
   c - Vampiric Draining              Necromancy                   3
   d - Regeneration                   Charms/Necromancy            3
   e - Animate Dead                   Necromancy                   4
   f - Borgnjor's Vile Clutch         Necromancy/Earth             5
 l - a book of Power

   Spells                             Type                      Level
   a - Iskenderun's Battlesphere      Conjuration/Charms           5
   b - Venom Bolt                     Conjuration/Poison           5
   c - Bolt of Magma                  Conjuration/Fire/Earth       5
   d - Iron Shot                      Conjuration/Earth            6
   e - Orb of Destruction             Conjuration                  7
   f - Spellforged Servitor           Conjuration/Summoning        7
 p - a book of Clouds

   Spells                             Type                      Level
   a - Poisonous Vapours              Poison/Air                   2
   b - Mephitic Cloud                 Conjuration/Poison/Air       3
   c - Conjure Flame                  Conjuration/Fire             3
   d - Freezing Cloud                 Conjuration/Ice/Air          6
   e - Ring of Flames                 Charms/Fire                  7
 L - a book of Misfortune

   Spells                             Type                      Level
   a - Confusing Touch                Hexes                        1
   b - Confuse                        Hexes                        3
   c - Gell's Gravitas                Translocation                3
   d - Petrify                        Transmutation/Earth          4
   e - Metabolic Englaciation         Hexes/Ice                    5
   f - Yara's Violent Unravelling     Hexes/Transmutation          5
Miscellaneous
 O - a crystal ball of energy
 Q - a lightning rod (4/4)
Comestibles
 d - 37 rations


   Skills:
 + Level 13.3 Fighting
 - Level 2.5 Maces & Flails
 + Level 13.2 Armour
 - Level 1.5 Dodging
 - Level 2.2 Stealth
 - Level 4.0 Shields
 * Level 15.6 Spellcasting
 + Level 13.2 Conjurations
 - Level 0.7 Transmutations
 - Level 6.1 Fire Magic
 * Level 17.4 Earth Magic
 - Level 8.5 Evocations


You had 8 spell levels left.
You knew the following spells:

 Your Spells              Type           Power        Failure   Level  Hunger
a - Sandblast             Erth           ######       0%          1    None
b - Passwall              Tmut/Erth      ######....   1%          2    None
c - Stone Arrow           Conj/Erth      ######       0%          3    None
d - Petrify               Tmut/Erth      ######..     1%          4    None
e - Blink                 Tloc           N/A          6%          2    None
f - Mephitic Cloud        Conj/Pois/Air  #####...     1%          3    None
g - Lee's Rapid Deconstr  Erth           #######...   1%          5    None
h - Iron Shot             Conj/Erth      ######....   1%          6    None
i - Fireball              Conj/Fire      ######....   1%          5    None
j - Bolt of Fire          Conj/Fire      ######....   3%          6    None
k - Regeneration          Chrm/Necr      ###.......   12%         3    None


Dungeon Overview and Level Annotations

Branches:
Dungeon (15/15)            Temple (1/1) D:7            Lair (6/6) D:9
  Swamp (4/4) Lair:3       Spider (4/4) Lair:3        Slime (1/5) Lair:6
    Orc (2/2) D:10            Elf (2/3) Orc:2        Vaults (0/5) D:13
 Depths (0/5) D:15

Altars:
Cheibriados
Elyvilon
Gozag
Kikubaaqudgha
Makhleb
Nemelex Xobeh
Qazlal
Sif Muna
Uskayaw
Vehumet
Xom
Zin

Shops:
Orc:2 (}=}

Annotations:
D:10 exclusion: downstairs
Swamp:3 1 transporter
Spider:4 Agnes
Orc:1 Phong's ghost, journeyman HuSk
Elf:2 Nikola


Innate Abilities, Weirdness & Mutations

You are resistant to torment.
Your stone body is resilient. (AC +13)
You are immune to poison.
Your large and strong wings let you fly indefinitely.
You resist negative energy. (rN+)
You are resistant to electric shocks. (rElec)
You can survive without breathing.
You are immune to petrification.
You are immune to rotting.
Armour fits poorly on your strangely shaped body.


Message History

The iron shot hits the Ice Fiend.
The Ice Fiend is severely wounded.
You hear a loud "Zot"!
You hear a distant "Zot"!
The Ice Fiend claws you but does no damage. x2
Casting: Iron Shot
Confirm with . or Enter, or press ? or * to list all spells.
Aiming: Iron Shot
Press: ? - help, Shift-Dir - straight line, f/p - Ice Fiend
Aim: an Ice Fiend (severely wounded, durably summoned)
The iron shot hits the Ice Fiend.
The Ice Fiend is almost dead.
The power of Zot is invoked against you!
The bog body is recalled.
You hear a distant "Zot"!
A bog body comes into view.
The bog body gestures at you while chanting.
The bolt of cold hits you! You block the Ice Fiend's attack.
The Ice Fiend claws you. The Ice Fiend freezes you!!!
Ouch! That really hurt!
You die...

♣♣≈.....≈.≈.♣.....≈.
♣)≈≈...≈.♣.♣.≈≈≈.≈≈≈
♣...≈≈≈.[≈♣.≈≈≈≈.≈≈≈
♣♣.....≈....≈≈≈≈....
♣.©..♣≈....≈≈≈≈...≈
#########.≈≈≈≈.§≈≈♣
##### #≈.≈≈≈≈...♣
#########
#.≈≈≈≈≈≈≈≈.
#.^^@1..#
##≈≈≈≈≈≈≈≈.
#.^...^^# ##≈≈≈≈≈≈§♣
*#..n^.(^#*
##≈≈≈.♣♣♣
*#..##†##.^#*
#..>♣♣≈♣
*#=.^,.^..^..#*
#..♣≈≈≈≈
#.^#*,#D#.##.^#
#.♣♣§≈≈.
##.,,,^.^.^..##
#♣♣♣♣≈..
*#,*,*^#^*.#.#* ♣♣..
*,,*,,.,..,#,^* ♣≈.


You could see an Ice Fiend, a seven-headed hydra and a bog body.

Vanquished Creatures
  3 thorn hunters
  Roxanne (D:14)
  A ghost moth (Spider:3)
  Aizul (Lair:3)
  An emperor scorpion (Spider:2)
  A deep elf elementalist (Elf:2)
  3 entropy weavers
  A dire elephant (Lair:6)
  2 spark wasps
  A mummy priest (WizLab)
  A yaktaur captain (D:13)
  A minotaur (Lab)
  A deep elf high priest (D:13)
  Erolcha (D:12)
  4 vault guards
  12 hydras
  4 catoblepae
  2 ghost crabs
  Erica (Orc:1)
  A merfolk avatar (Lair:6)
  An ogre mage (D:15)
  6 dancing weapons
  3 centaur warriors (D:14)
  13 two-headed ogres
  3 tengu warriors
  4 alligators
  A deep troll earth mage (D:13)
  4 orc high priests (Orc:2)
  Urug (D:10)
  A deep elf knight (Elf:1)
  Nergalle (Orc:1)
  5 skeletal warriors
  2 wizards
  A sea snake (Lair:6)
  2 unseen horrors
  Pikel (D:7)
  4 swamp dragons
  A deep elf archer (Elf:2)
  2 shambling mangroves (Swamp:1)
  8 orc knights
  18 orb spiders
  21 wolf spiders
  A frost giant zombie (WizLab)
  5 orc sorcerers
  8 deep elf magi
  5 cyclopes
  10 ugly things
  6 manticores
  12 elephants
  5 black mambas
  A torpor snail (Spider:2)
  2 moths of wrath (Spider:3)
  A naga mage (D:15)
  2 centaur skeletons
  4 gargoyles
  19 spiny frogs
  9 rime drakes
  7 kobold demonologists
  7 demonic crawlers
  7 komodo dragons
  A freezing wraith (D:15)
  33 jumping spiders
  2 tengu conjurers
  A queen bee (Lair:2)
  8 polar bears
  3 meliai (Spider:4)
  6 hornets
  9 trolls
  3 tyrant leeches
  A wind drake (Lair:6)
  A queen bee (shapeshifter) (D:13)
  20 blink frogs
  6 bog bodies
  2 ice dragon zombies (WizLab)
  27 hippogriffs
  An ettin zombie (WizLab)
  31 slime creatures
  57 redbacks
  33 yaks
  20 tarantellas
  A centaur simulacrum (D:14)
  2 vampires (D:14)
  A water elemental (Elf:2)
  8 basilisks
  3 wraiths
  25 wyverns
  Grum (D:9)
  A hungry ghost (D:8)
  A golden eye (Lair:6)
  16 vampire mosquitoes
  The ghost of Monsterracer the Insei, an amateur MfSu (D:5)
  A steam dragon (D:10)
  13 insubstantial wisps
  16 swamp worms
  2 wargs
  A soldier ant (D:12)
  2 acid dragons
  A soldier ant (shapeshifter) (D:15)
  15 water moccasins
  A hell hound (Lair:5)
  7 porcupines
  4 ice beasts
  7 swamp drakes
  38 orc warriors
  2 phantoms
  A hornet zombie (D:15)
  5 sky beasts
  18 ogres
  2 eyes of draining
  7 wolves
  9 centaurs
  15 crocodiles
  5 big kobolds
  15 bullfrogs
  A gnoll sergeant (D:8)
  A wyvern zombie (D:7)
  9 scorpions
  33 killer bees
  5 wights
  5 electric eels
  17 howler monkeys
  11 crimson imps
  A quasit (D:15)
  A bullfrog zombie (D:5)
  5 centaur zombies
  9 hounds
  30 orc priests
  42 orc wizards
  3 iguanas
  8 worker ants
  A hound zombie (D:7)
  2 hound skeletons
  A howler monkey zombie (D:5)
  A worker ant zombie (D:11)
  19 adders
  7 gnolls
  A howler monkey skeleton (D:8)
  3 shadow imps
  An adder zombie (D:8)
  2 worms
  4 dart slugs
  6 leopard geckos
  133 orcs
  7 giant cockroaches
  8 goblins
  8 hobgoblins
  5 jackals
  6 quokkas
  A ball python (D:3)
  8 bats
  A frilled lizard (D:2)
  27 kobolds
  A quokka zombie (D:7)
  8 rats
  A fungus (Lair:2)
  A plant (Lair:2)
1213 creatures vanquished.

Vanquished Creatures (collateral kills)
  A rime drake (Lair:5)
  A hippogriff (Lair:5)
  A wolf (Lair:5)
3 creatures vanquished.

Vanquished Creatures (others)
  A deep elf archer (Elf:2)
  Menkaure (D:7)
  A bullfrog (D:7)
  2 wights (D:7)
  A shadow imp (D:7)
  A leopard gecko (D:7)
  A quokka (D:7)
  A bush (Lair:6)
  26 fungi
  24 plants
  4 toadstools (Swamp:1)
63 creatures vanquished.

Grand Total: 1279 creatures vanquished

Notes
Turn   | Place    | Note
-------+----------+-------------------------------------------
     0 | D:1      | garbagetei the Gargoyle Earth Elementalist began the quest for the Orb.
     0 | D:1      | Reached XP level 1. HP: 10/10 MP: 3/3
   418 | D:1      | Reached XP level 2. HP: 4/16 MP: 1/5
   725 | D:1      | Reached skill level 4 in Earth Magic
   731 | D:1      | Learned a level 2 spell: Passwall
   985 | D:1      | Reached XP level 3. HP: 20/20 MP: 6/6
  1380 | D:2      | Reached skill level 1 in Fighting
  1380 | D:2      | Reached skill level 1 in Armour
  1539 | D:2      | Reached XP level 4. HP: 22/25 MP: 2/8
  1614 | D:2      | Learned a level 3 spell: Stone Arrow
  2387 | D:2      | Reached skill level 5 in Earth Magic
  2387 | D:2      | Reached XP level 5. HP: 18/29 MP: 5/9
  3287 | D:2      | Reached XP level 6. HP: 33/35 MP: 3/11
  3561 | D:3      | Learned a level 4 spell: Petrify
  3612 | D:3      | Learned a level 2 spell: Blink
  3648 | D:3      | Found a shimmering altar of Xom.
  3731 | D:3      | Reached skill level 6 in Earth Magic
  3948 | D:3      | Reached XP level 7. HP: 35/40 MP: 8/13
  5459 | D:5      | Entered Level 5 of the Dungeon
  5684 | D:5      | Found a deep blue altar of Sif Muna.
  5779 | D:5      | Reached skill level 7 in Earth Magic
  5906 | D:5      | Reached XP level 8. HP: 43/46 MP: 15/15
  5922 | D:5      | Reached skill level 5 in Spellcasting
  5950 | D:5      | Noticed Monsterracer's ghost (amateur MfSu)
  5955 | D:5      | Killed Monsterracer's ghost
  6554 | D:6      | Learned a level 3 spell: Mephitic Cloud
  7156 | D:6      | Reached skill level 8 in Earth Magic
  8055 | D:7      | Noticed a hippogriff
  8070 | D:6      | Reached XP level 9. HP: 46/52 MP: 14/18
  8540 | D:6      | Reached skill level 9 in Earth Magic
  8632 | D:7      | Reached skill level 5 in Fighting
  8640 | D:7      | Reached skill level 5 in Armour
  9074 | D:6      | Learned a level 5 spell: Lee's Rapid Deconstruction
  9813 | D:7      | Noticed Pikel
  9826 | D:7      | Killed Pikel
  9826 | D:7      | Reached skill level 10 in Earth Magic
  9826 | D:7      | Reached XP level 10. HP: 60/60 MP: 1/21
 10064 | D:7      | Noticed Menkaure
 10102 | D:7      | Killed Menkaure
 10648 | D:7      | Found a staircase to the Ecumenical Temple.
 10678 | Temple   | Entered the Ecumenical Temple
 10683 | Temple   | Became a worshipper of Vehumet
 11578 | D:8      | Noticed a two-headed ogre
 11677 | D:8      | Killed a two-headed ogre
 11677 | D:8      | Reached skill level 11 in Earth Magic
 11954 | D:8      | Found an opulent altar of Gozag.
 12205 | D:7      | Reached * piety under Vehumet
 12205 | D:7      | Offered knowledge of Shock by Vehumet.
 12661 | D:8      | Noticed a two-headed ogre
 12664 | D:8      | Killed a two-headed ogre
 12760 | D:9      | Noticed Grum
 12993 | D:9      | Reached XP level 11. HP: 65/67 MP: 14/24
 13242 | D:9      | Reached skill level 1 in Conjurations
 13248 | D:9      | Reached ** piety under Vehumet
 13256 | D:9      | Offered knowledge of Throw Frost by Vehumet.
 13455 | D:9      | Reached skill level 12 in Earth Magic
 13515 | D:9      | Noticed a two-headed ogre
 13524 | D:9      | Killed a two-headed ogre
 13668 | D:9      | Killed Grum
 13777 | D:9      | Got a spiked chain mail
 13957 | D:9      | Found a staircase to the Lair.
 14173 | D:10     | Entered Level 10 of the Dungeon
 14440 | D:10     | Noticed a wizard
 14473 | D:10     | Killed a wizard
 14473 | D:10     | Offered knowledge of Ignite Poison by Vehumet.
 14750 | D:10     | Found a staircase to the Orcish Mines.
 15117 | D:10     | Reached *** piety under Vehumet
 15223 | D:11     | Noticed a purple ugly thing
 15283 | Lair:1   | Entered Level 1 of the Lair of Beasts
 15839 | Lair:1   | Reached skill level 10 in Spellcasting
 16133 | Lair:2   | Found a labyrinth entrance.
 16139 | Lair:2   | Offered knowledge of Static Discharge by Vehumet.
 16275 | Lair:2   | Reached XP level 12. HP: 74/74 MP: 24/26
 16280 | Lair:2   | Reached skill level 1 in Evocations
 16292 | Lair:2   | Reached skill level 13 in Earth Magic
 16346 | Lab      | Entered a labyrinth
 16444 | Lab      | Noticed a minotaur
 16448 | Lab      | Killed a minotaur
 16492 | Lab      | Got a crude steel ring
 16493 | Lab      | Identified the ring of Ukifaser {rF++ rC- MR+} (You took it off a minotaur in a labyrinth)
 16576 | Lab      | Found the +9 scales of the Dragon King {rPois rF+ rC+ MR+}
 16576 | Lab      | Got a scorched emerald amulet
 16577 | Lab      | Got a shimmering chain mail
 16648 | Lair:2   | Noticed a six-headed hydra
 16664 | Lair:2   | Killed a six-headed hydra
 17576 | Lair:2   | Reached **** piety under Vehumet
 18113 | Lair:3   | Found a hole to the Spider Nest.
 18718 | Lair:3   | Identified the +3 chain mail of Neriess {+Inv rF+ Dex-3} (You took it off Grum on level 9 of the Dungeon)
 18728 | Lair:3   | Identified the +6 chain mail of Nysk {Str+2} (You found it in a labyrinth)
 18735 | Lair:3   | Identified the amulet of Kyxiacen {Inacc Str+4} (You found it in a labyrinth)
 18775 | Lair:3   | Learned a level 6 spell: Iron Shot
 18797 | Lair:3   | Found a staircase to the Swamp.
 18953 | Lair:3   | Noticed a catoblepas
 18962 | Lair:3   | Killed a catoblepas
 18962 | Lair:3   | Reached skill level 5 in Conjurations
 19039 | Lair:3   | Offered knowledge of Lightning Bolt by Vehumet.
 19560 | Lair:4   | Got an iridescent mace
 19562 | Lair:4   | Identified the +4 mace "Iraucury" {elec, +Rage} (You found it on level 4 of the Lair of Beasts)
 19590 | Lair:4   | Reached skill level 14 in Earth Magic
 20244 | Lair:5   | Noticed a catoblepas
 20254 | Lair:5   | Reached XP level 13. HP: 80/80 MP: 28/28
 21507 | Lair:5   | Reached skill level 1 in Shields
 21666 | Lair:5   | Reached ***** piety under Vehumet
 21678 | Lair:5   | Offered knowledge of Poison Arrow by Vehumet.
 23654 | Lair:6   | Entered Level 6 of the Lair of Beasts
 23663 | Lair:6   | Reached skill level 15 in Earth Magic
 23908 | Lair:5   | Gained mutation: Your large and strong wings let you fly indefinitely. [Gargoyle growth]
 23908 | Lair:5   | Reached XP level 14. HP: 87/87 MP: 24/29
 23991 | Lair:6   | Reached skill level 10 in Fighting
 23991 | Lair:6   | Reached skill level 10 in Armour
 24534 | Lair:6   | Found a staircase to the Slime Pits.
 24556 | Lair:6   | Noticed a dire elephant
 24921 | Lair:6   | Reached skill level 5 in Evocations
 25961 | Lair:6   | Killed a dire elephant
 27274 | Orc:1    | Entered Level 1 of the Orcish Mines
 27279 | Orc:1    | Noticed Urug
 27473 | Orc:1    | Noticed an orc warlord
 27474 | Orc:1    | Noticed Erica
 27876 | Orc:1    | Noticed Nergalle
 28097 | D:10     | Killed Urug
 28445 | Orc:2    | Entered Level 2 of the Orcish Mines
 29201 | Orc:2    | Found a staircase to the Elven Halls.
 29297 | Orc:2    | Offered knowledge of Ozocubu's Refrigeration by Vehumet.
 29373 | Orc:1    | Noticed Phong's ghost (journeyman HuSk)
 29662 | Orc:1    | Reached skill level 16 in Earth Magic
 30179 | Orc:2    | Found Ytzegesu's Gadget Shop.
 30179 | Orc:2    | Found Fefupam's Antique Weapon Boutique.
 30179 | Orc:2    | Found Plog's Gadget Boutique.
 30235 | Orc:2    | Found Gyrutim's Jewellery Shop.
 30262 | Orc:2    | Reached ****** piety under Vehumet
 30416 | Orc:2    | Reached XP level 15. HP: 93/93 MP: 22/31
 31729 | Orc:1    | Killed Erica
 32186 | Orc:1    | Killed Nergalle
 32602 | D:11     | Offered knowledge of Bolt of Draining by Vehumet.
 33420 | D:12     | Noticed Erolcha
 33422 | D:12     | Killed Erolcha
 35157 | D:13     | Found a gate to the Vaults.
 35166 | D:13     | Offered knowledge of Fireball by Vehumet.
 36769 | D:14     | Reached skill level 17 in Earth Magic
 36813 | D:14     | Learned a level 5 spell: Fireball
 37433 | D:14     | Reached XP level 16. HP: 94/100 MP: 11/33
 37594 | D:14     | Reached skill level 1 in Fire Magic
 38059 | D:14     | Noticed Roxanne
 38272 | D:14     | Offered knowledge of Bolt of Cold by Vehumet.
 38567 | D:14     | Identified Baom's Grimoire of Confrontation
 39271 | D:14     | Killed Roxanne
 39278 | D:14     | Identified Roxanne's Grimoire of Changing (You took it off Roxanne on level 14 of the Dungeon)
 39300 | D:15     | Entered Level 15 of the Dungeon
 39589 | D:15     | Reached skill level 10 in Conjurations
 41528 | D:15     | Found a staircase to the Depths.
 41938 | Elf:1    | Entered Level 1 of the Elven Halls
 42119 | Elf:2    | Identified a scroll of acquirement
 42120 | Elf:2    | Identified the ring "Kuxzuom" {rElec MP+9 Slay+3 SInv} (You acquired it on level 2 of the Elven Halls)
 42322 | Elf:2    | Found a magical portal.
 42495 | WizLab   | Entered Doroklohe's Tomb
 43021 | WizLab   | Noticed a greater mummy
 43471 | Elf:2    | Reached XP level 17. HP: 106/106 MP: 31/35
 43482 | Elf:2    | Noticed Nikola
 43921 | Swamp:1  | Entered Level 1 of the Swamp
 44598 | Slime:1  | Entered Level 1 of the Pits of Slime
 44600 | Slime:1  | Offered knowledge of Conjure Ball Lightning by Vehumet.
 44863 | Slime:1  | Gained mutation: Armour fits poorly on your strangely shaped body. [a shining eye]
 45580 | Spider:1 | Entered Level 1 of the Spider Nest
 45652 | Spider:1 | Noticed Aizul
 45663 | Lair:3   | Killed Aizul
 46906 | Spider:1 | Offered knowledge of Bolt of Fire by Vehumet.
 46914 | Spider:1 | Learned a level 6 spell: Bolt of Fire
 47991 | Spider:2 | Reached skill level 5 in Fire Magic
 49487 | Spider:2 | Reached skill level 15 in Spellcasting
 50596 | Spider:4 | Entered Level 4 of the Spider Nest
 51463 | Spider:3 | Reached skill level 1 in Maces & Flails
 51520 | Spider:3 | Learned a level 3 spell: Regeneration
 51666 | Spider:3 | Reached XP level 18. HP: 113/113 MP: 36/37
 52302 | Spider:4 | Noticed Agnes
 53597 | Swamp:1  | Offered knowledge of Lehudib's Crystal Spear by Vehumet.
 53597 | Swamp:1  | Offered knowledge of Shatter by Vehumet.
 53597 | Swamp:1  | Offered knowledge of Chain Lightning by Vehumet.
 55818 | Swamp:3  | Identified the cursed +0 pair of gloves "Piomu" {rC++ MR+ MP-9} (You found it on level 3 of the Swamp)
 55842 | Swamp:3  | Identified the +2 pair of gloves of Agoraphobia {rPois rC+ Regen+ Slay+5} (You found it on level 3 of the Swamp)
 55928 | Swamp:3  | Found a transporter.
 56038 | Swamp:3  | Found a transporter.
 56245 | Swamp:4  | Entered Level 4 of the Swamp
 56514 | Swamp:3  | Noticed an Ice Fiend
 56516 | Swamp:3  | Mangled by an Ice Fiend

Skill      XL: |  1  2  3  4  5  6  7  8  9 10 11 12 13 14 15 16 17 18 |
---------------+-------------------------------------------------------+-----
Earth Magic    | 4 5 6 7 8 10 11 12 14 15 16 17 | 17.4
Fighting       | 1 2 3 4 5 7 8 9 10 11 12 13 | 13.3
Armour         | 1 2 3 4 5 7 8 9 10 11 12 13 | 13.2
Spellcasting   | 3 4 6 7 9 10 11 12 13 14 15 | 15.6
Conjurations   | 3 5 6 7 9 11 12 13 | 13.2
Evocations     | 3 4 5 6 7 8 |  8.5
Shields        | 3 4 |  4.0
Fire Magic     | 3 5 6 |  6.1
Maces & Flails | 1 2 |  2.5
Dodging        | |  1.5
Stealth        | |  2.2
Transmutations | |  0.7

Action                   |  1- 3 |  4- 6 |  7- 9 | 10-12 | 13-15 | 16-18 || total
-------------------------+-------+-------+-------+-------+-------+-------++-------
Melee: Club              |    61 |    95 |       |       |       |       ||   156
       Morningstar       |       |    60 |   241 |    37 |       |       ||   338
       Whip              |       |       |       |   195 |       |       ||   195
       Staff             |       |       |       |     7 |    12 |    61 ||    80
       Mace              |       |       |       |       |       |    39 ||    39
 Cast: Sandblast         |    33 |    76 |    35 |    54 |   166 |   223 ||   587
       Stone Arrow       |       |     2 |    87 |   262 |   480 |   622 ||  1453
       Petrify           |       |       |     6 |     1 |    12 |     1 ||    20
       Lee's Rapid Decon |       |       |     5 |    23 |    51 |    28 ||   107
       Mephitic Cloud    |       |       |       |     3 |     4 |     2 ||     9
       Passwall          |       |       |       |     1 |       |     2 ||     3
       Iron Shot         |       |       |       |     2 |   127 |   114 ||   243
       Blink             |       |       |       |       |     9 |     4 ||    13
       Fireball          |       |       |       |       |       |    54 ||    54
       Bolt of Fire      |       |       |       |       |       |     5 ||     5
Evoke: Wand              |       |       |     3 |       |     3 |     1 ||     7
       Lightning rod     |       |       |       |       |       |     2 ||     2
  Use: Potion            |     1 |       |       |     1 |     2 |     6 ||    10
       Scroll            |       |     3 |       |    19 |    16 |    12 ||    50
 Stab: Sleeping          |     1 |     2 |     1 |       |       |       ||     4
  Eat: Chunk             |     2 |     9 |    20 |    22 |    76 |    46 ||   175
       Ration            |       |       |     1 |     6 |     3 |    10 ||    20
Armor: Robe              |    32 |     1 |       |       |       |       ||    33
       Leather armour    |       |    82 |   227 |   211 |   160 |   394 ||  1074
       Steam dragon scal |       |       |       |    86 |       |       ||    86
       Acid dragon scale |       |       |       |       |    65 |    21 ||    86
Dodge: Dodged            |    64 |   121 |   265 |   300 |   175 |   298 ||  1223
Block: Buckler           |       |       |       |       |    54 |   155 ||   209
